 Dungeon Crawl Stone Soup version 0.27-a0-1140-g099f9bb0e8 (webtiles) character file.

Game seed: 12738699911565791586

113 HoaS the Bolt Thrower (level 4, -1/26 HPs)
             Began as a Gargoyle Hunter on May 9, 2021.
             Slain by a hobgoblin (5 damage)
             ... led by Robin
             ... on level 2 of the Dungeon.
             The game lasted 00:04:14 (1542 turns).

HoaS the Bolt Thrower (Gargoyle Hunter)             Turns: 1542, Time: 00:04:14

Health: -1/26      AC:  9    Str: 16    XL:     4   Next: 96%
Magic:  4/4        EV: 11    Int: 12    God:
Gold:   64         SH:  0    Dex: 10    Spells: 3/3 levels left

rFire    . . .     SeeInvis .   b - +0 short sword
rCold    . . .     Faith    .   (no shield)
rNeg     + . .     Spirit   .   c - +0 leather armour
rPois    ∞         Reflect  .   (no helmet)
rElec    +         Harm     .   (no cloak)
rCorr    .         Rampage  .   g - +1 pair of gloves
Will     .....                  e - +0 pair of boots
Stlth    +.........             (no amulet)
HPRegen  0.08/turn              (no ring)
MPRegen  0.09/turn              (no ring)

@: no status effects
A: sickness immunity, AC +3, negative energy resistance 1, electricity
resistance, torment resistance 1, unbreathing 1, petrification resistance
a: no special abilities


You were on level 2 of the Dungeon.
You visited 1 branch of the dungeon, and saw 2 of its levels.

You collected 64 gold pieces.

Inventory:

Hand Weapons
 a - a +1 hand crossbow
 b - a +0 short sword (weapon)
Missiles
 d - 18 bolts
Armour
 c - a +0 leather armour (worn)
 e - a +0 pair of boots (worn)
 g - a +1 pair of gloves (worn)
Scrolls
 f - a scroll of identify {unknown}
 i - a scroll of teleportation {unknown}
 j - a scroll of fear {unknown}
Potions
 h - a potion of heal wounds {unknown}


   Skills:
 - Level 2.1 Fighting
 + Level 6.1 Crossbows
 - Level 1.5 Dodging
 - Level 1.1 Stealth


You had 3 spell levels left.
You didn't know any spells.
Your spell library was empty.

Dungeon Overview and Level Annotations

Branches:
Dungeon (2/15)

Altars:


Innate Abilities, Weirdness & Mutations

You are immune to sickness and miasma.
Your stone body is resilient. (AC +3)
You are immune to poison.
You resist negative energy. (rN+)
You are resistant to electric shocks. (rElec)
You are resistant to unholy torment.
You can survive without breathing.
You are immune to petrification.


Message History

Robin is almost dead.
Robin roars a battlecry!
The goblin goes into a battle-frenzy!
A goblin comes into view. It is wielding a +0 club.
The hobgoblin completely misses you. The goblin hits you but does no damage.
Robin hits you with a +0 club.
You hit Robin but do no damage.
Robin is almost dead.
The hobgoblin hits you but does no damage.
Robin hits you with a +0 club. The goblin barely misses you.
You barely miss Robin.
Robin is almost dead.
The hobgoblin barely misses you. The goblin hits you but does no damage.
Robin barely misses you.
You closely miss Robin.
Robin is almost dead.
The hobgoblin closely misses you. The goblin hits you but does no damage.
Robin closely misses you.
You closely miss Robin.
Robin is almost dead.
The hobgoblin closely misses you. Robin hits you but does no damage.
The goblin hits you with a +0 dagger.
* * * LOW HITPOINT WARNING * * *
Your leather armour prevents you from hitting Robin.
Robin is almost dead.
The hobgoblin closely misses you. Robin closely misses you.
The goblin hits you but does no damage.
You barely miss Robin.
Robin is almost dead.
The hobgoblin closely misses you. Robin closely misses you.
The goblin hits you but does no damage.
You hit Robin.
You kill Robin!
The hobgoblin no longer looks unusually strong.
The hobgoblin misses you. The goblin barely misses you. x2
You closely miss the hobgoblin.
The goblin no longer looks unusually strong.
The hobgoblin misses you. The goblin closely misses you.
The goblin hits you but does no damage. The hobgoblin hits you.
You die...

#.....))..# #....
#...(####.##########....
#....# #...............
##....###############....
#.....'...... #........#.
###...####### #.######.#.
###.......#.#.#....#.#.
#.###g.............).
#####.gg@g.<#.#.#.##.#.#.
#.....###g..# #.#.#.
#.....'..>...... ......
#.....###.###... ...#.#.
#.g...# .. .. ....#.#.
#...### ## ......#.#.
#...# .......... #...#
######.# #...#


You could see 2 hobgoblins and 3 goblins.

Vanquished Creatures
  Natasha (twice) (D:2)
  Robin (D:2)
  2 dart slugs
  2 bats
  3 endoplasms (D:1)
  A giant cockroach (D:2)
  9 goblins
  A hobgoblin (D:1)
  10 jackals
  A quokka (D:1)
  2 ball pythons (D:1)
  2 frilled lizards
  4 kobolds
  2 rats (D:1)
42 creatures vanquished.

Notes
Turn   | Place    | Note
-------+----------+-------------------------------------------
     0 | D:1      | HoaS the Gargoyle Hunter began the quest for the Orb.
     0 | D:1      | Reached XP level 1. HP: 12/12 MP: 1/1
   212 | D:1      | Reached XP level 2. HP: 16/17 MP: 2/2
   248 | D:1      | Found a faded altar of an unknown god.
   716 | D:1      | Reached XP level 3. HP: 21/21 MP: 3/3
   746 | D:1      | Reached skill level 5 in Crossbows
  1082 | D:2      | Noticed Natasha
  1093 | D:2      | Killed Natasha
  1094 | D:2      | Reached XP level 4. HP: 26/26 MP: 4/4
  1338 | D:2      | Noticed Natasha
  1346 | D:2      | Killed Natasha
  1436 | D:2      | Noticed Robin
  1451 | D:2      | Reached skill level 6 in Crossbows
  1541 | D:2      | Killed Robin
  1542 | D:2      | Slain by a hobgoblin

Illustrated notes

Levels and vault maps discovered:
D:1:      minmay_arrival_doors, layout_rooms,
          shapermc_ecumenical_altar_totnotflames
D:2:      layout_basic, basic_altar, serial_shops, shop, minmay_diced_spiral,
          uniq_terence, uniq_robin, uniq_natasha, uniq_jessica

Skill      XL: |  1  2  3  4 |
---------------+-------------+-----
Crossbows      | 5 6 |  6.1
Fighting       | |  2.1
Dodging        | |  1.5
Stealth        | |  1.1

Action                   |  1- 3 |  4- 6 || total
-------------------------+-------+-------++-------
Melee: Short sword       |   148 |    67 ||   215
 Fire: Hand crossbow     |     2 |     5 ||     7
 Stab: Sleeping          |     1 |       ||     1
Armor: Leather armour    |    76 |    27 ||   103
Dodge: Dodged            |   102 |    42 ||   144

Table legend: (Time is in decaauts)
 A = Elapsed time spent in this place.
 B = Non-inter-level travel time spent in this place.
 C = Inter-level travel time spent in this place.
 D = Time resting spent in this place.
 E = Time spent auto-exploring this place.
 F = Levels seen in this place.
 G = Mean time per level.
                   A        B        C        D        E       F      G
               +--------+--------+--------+--------+--------+-----+--------+
         Total |   1563 |   1535 |     28 |    334 |    738 |   2 |  781.5 |
       Dungeon |   1563 |   1535 |     28 |    334 |    738 |   2 |  781.5 |
               +--------+--------+--------+--------+--------+-----+--------+

Top non-repeatable levels by time:
     D:1: 971 daAuts
     D:2: 592 daAuts
